 Dungeon Crawl Stone Soup version 0.27.0-1-g7a089689b8 (webtiles) character file.

Game seed: 2282248133425666710

58 kobby the Shield-Bearer (level 4, -3/41 HPs)
             Began as a Gnoll Fighter on Aug 9, 2021.
             Killed from afar by an oklob plant (10 damage)
             ... with a splash of acid
             ... created by the enmity of Fedhas Madash
             ... on level 2 of the Dungeon.
             The game lasted 00:04:07 (1742 turns).

kobby the Shield-Bearer (Gnoll Fighter)             Turns: 1742, Time: 00:04:08

Health: -3/41      AC:  0    Str: 16    XL:     4   Next: 2%
Magic:  5/5        EV:  8    Int:  7    God:
Gold:   53         SH: 10    Dex: 12    Spells: 5/5 levels left

rFire    . . .     SeeInvis .   a - +0 war axe
rCold    . . .     Faith    .   g - +0 kite shield
rNeg     . . .     Spirit   .   b - +0 scale mail
rPois    .         Reflect  .   (no helmet)
rElec    .         Harm     .   (no cloak)
rCorr    .         Rampage  .   (no gloves)
Will     .....                  (no boots)
Stlth    ..........             (no amulet)
HPRegen  0.13/turn              (no ring)
MPRegen  0.09/turn              (no ring)

@: corroded, attractive
A: fangs 1, strong nose, distributed training
a: no special abilities


You were on level 2 of the Dungeon.
You visited 1 branch of the dungeon, and saw 2 of its levels.

You collected 53 gold pieces.

Inventory:

Hand Weapons
 a - a +0 war axe (weapon)
Armour
 b - a +0 scale mail (worn)
 c - a +0 kite shield
 g - a +0 kite shield (worn)
Potions
 d - a potion of might
 f - a potion of ambrosia {unknown}


   Skills:
 + Level 6.5 Fighting
 + Level 1.0 Short Blades
 + Level 1.0 Long Blades
 + Level 4.6 Axes
 + Level 1.0 Maces & Flails
 + Level 1.0 Polearms
 + Level 1.0 Staves
 + Level 1.0 Slings
 + Level 1.0 Bows
 + Level 1.0 Crossbows
 + Level 1.0 Throwing
 + Level 6.5 Armour
 + Level 1.0 Dodging
 + Level 1.0 Stealth
 + Level 6.5 Shields
 + Level 1.0 Unarmed Combat
 + Level 1.0 Spellcasting
 + Level 0.7 Conjurations
 + Level 0.7 Hexes
 + Level 0.7 Summonings
 + Level 0.7 Necromancy
 + Level 0.7 Translocations
 + Level 0.7 Transmutations
 + Level 0.7 Fire Magic
 + Level 0.7 Ice Magic
 + Level 0.7 Air Magic
 + Level 0.7 Earth Magic
 + Level 0.7 Poison Magic
 + Level 1.1 Invocations
 + Level 1.0 Evocations


You had 5 spell levels left.
You didn't know any spells.
Your spell library was empty.

Dungeon Overview and Level Annotations

Branches:
Dungeon (2/15)

Altars:
Fedhas

Annotations:
D:2 exclusion: 5 oklob plants


Innate Abilities, Weirdness & Mutations

You have very sharp teeth.
Your uncanny sense of smell can sniff out nearby items.
Your experience applies equally to all skills.


Message History

A ball python comes into view.
The ball python hisses angrily.
The hobgoblin completely misses you.
The ball python bites you but does no damage.
The ball python grabs you. The ball python constricts you.
You slash the ball python!
You kill the ball python!
Your shield and scale mail prevent you from hitting the hobgoblin.
The hobgoblin completely misses you. You block the hobgoblin's attack.
You have reached level 4!
You feel agile.
You hit the hobgoblin but do no damage. You block the hobgoblin's attack.
You barely miss the hobgoblin. You block the hobgoblin's attack.
You barely miss the hobgoblin.
You bite the hobgoblin, but do no damage.
The hobgoblin hits you but does no damage.
The hobgoblin closely misses you.
You closely miss the hobgoblin. You block the hobgoblin's attack.
You hit the hobgoblin.
You kill the hobgoblin!
No target in view!
No target in view!
Plants grow around you in an ominous manner.
Marking area around 5 oklob plants as unsafe for travelling. 5 oklob plants come into view.
You aren't carrying any scrolls.
You don't know any spells.
Okay, then.
The oklob plant spits acid at you.
Fedhas protects a plant from harm.
The splash of acid hits you. The acid corrodes you!
You are splashed with acid!
The oklob plant spits acid at you. The splash of acid hits you.
The acid corrodes you!
You are splashed with acid!
* * * LOW HITPOINT WARNING * * *
It was a potion of attraction.
You feel attractive to monsters. The oklob plant spits acid at you.
Fedhas protects a plant from harm.
The splash of acid hits you!
You die...

#...........###
#.............# ##
#.....†.......# #.
#.............########.
#....................#.
#....................#.
##...#...............#.
#...#.................
#...#@................
#...#............>....
#.P.#........#####....
#............# #....
#..P.........# #....
#...P.P#.....# #####
##....P#.....#
#.....#..... #.....#
..^.


You could see 3 oklob plants.

Vanquished Creatures
  A gnoll (D:1)
  A dart slug (D:1)
  6 bats
  6 endoplasms
  A giant cockroach (D:2)
  5 goblins (D:1)
  3 hobgoblins
  A kobold (D:1)
  6 quokkas
  6 ball pythons
  A frilled lizard (D:2)
  4 rats
41 creatures vanquished.

Vanquished Creatures (others)
  A hobgoblin (D:2)
  A ballistomycete spore (D:2)
2 creatures vanquished.

Grand Total: 43 creatures vanquished

Notes
Turn   | Place    | Note
-------+----------+-------------------------------------------
     0 | D:1      | kobby the Gnoll Fighter began the quest for the Orb.
     0 | D:1      | Reached XP level 1. HP: 23/23 MP: 1/1
   166 | D:1      | Reached XP level 2. HP: 27/29 MP: 2/2
   181 | D:1      | Found a faded altar of an unknown god.
   380 | D:1      | Became a worshipper of Fedhas Madash
   380 | D:1      | Reached * piety under Fedhas
   381 | D:1      | Fell from the grace of Fedhas
   439 | D:1      | Reached XP level 3. HP: 26/35 MP: 3/3
   960 | D:1      | Reached skill level 1 in Invocations
  1568 | D:2      | Reached skill level 1 in Short Blades
  1568 | D:2      | Reached skill level 1 in Long Blades
  1568 | D:2      | Reached skill level 1 in Maces & Flails
  1568 | D:2      | Reached skill level 1 in Polearms
  1568 | D:2      | Reached skill level 1 in Staves
  1568 | D:2      | Reached skill level 1 in Slings
  1568 | D:2      | Reached skill level 1 in Bows
  1568 | D:2      | Reached skill level 1 in Crossbows
  1568 | D:2      | Reached skill level 1 in Throwing
  1568 | D:2      | Reached skill level 1 in Dodging
  1568 | D:2      | Reached skill level 1 in Stealth
  1568 | D:2      | Reached skill level 1 in Unarmed Combat
  1568 | D:2      | Reached skill level 1 in Spellcasting
  1568 | D:2      | Reached skill level 1 in Evocations
  1723 | D:2      | Reached XP level 4. HP: 41/41 MP: 5/5
  1738 | D:2      | Noticed an oklob plant
  1738 | D:2      | Noticed an oklob plant
  1738 | D:2      | Noticed an oklob plant
  1738 | D:2      | Noticed an oklob plant
  1738 | D:2      | Noticed an oklob plant
  1742 | D:2      | Killed from afar by an oklob plant

Illustrated notes

Levels and vault maps discovered:
D:1:      dpeg_arrival_subterranean_lakeside_camping, layout_basic,
          chequers_ecumenical_altar_simple_redux, minmay_misc_feat_more_columns
D:2:      layout_basic, uniq_crazy_yiuf_cottage, uniq_terence

Skill      XL: |  1  2  3 |
---------------+----------+-----
Invocations    | 1 |  1.1
Short Blades   | 1 |  1.0
Long Blades    | 1 |  1.0
Maces & Flails | 1 |  1.0
Polearms       | 1 |  1.0
Staves         | 1 |  1.0
Slings         | 1 |  1.0
Bows           | 1 |  1.0
Crossbows      | 1 |  1.0
Throwing       | 1 |  1.0
Dodging        | 1 |  1.0
Stealth        | 1 |  1.0
Unarmed Combat | 1 |  1.0
Spellcasting   | 1 |  1.0
Evocations     | 1 |  1.0
Fighting       | |  6.5
Axes           | |  4.6
Armour         | |  6.5
Shields        | |  6.5
Conjurations   | |  0.7
Hexes          | |  0.7
Summonings     | |  0.7
Necromancy     | |  0.7
Translocations | |  0.7
Transmutations | |  0.7
Fire Magic     | |  0.7
Ice Magic      | |  0.7
Air Magic      | |  0.7
Earth Magic    | |  0.7
Poison Magic   | |  0.7

Action                   |  1- 3 |  4- 6 || total
-------------------------+-------+-------++-------
Melee: War axe           |   107 |     5 ||   112
       Bite              |     8 |     1 ||     9
Invok: Renounce Religion |     1 |       ||     1
  Use: Potion            |       |     1 ||     1
Armor: Scale mail        |    39 |     1 ||    40
Dodge: Dodged            |    30 |     1 ||    31
Block: Kite shield       |    70 |     3 ||    73
